 Dungeon Crawl Stone Soup version 0.27-a0-695-gb4952372f7 (webtiles) character file.

Game seed: 5957237362945230655

348 Ajencis the Chiller (level 6, -11/45 HPs)
             Began as a Barachi Ice Elementalist on Mar 21, 2021.
             Killed from afar by an orc wizard (13 damage)
             ... with a puff of flame
             ... on level 4 of the Dungeon.
             The game lasted 00:07:00 (3588 turns).

Ajencis the Chiller (Barachi Ice Elementalist)      Turns: 3588, Time: 00:07:01

Health: -11/45     AC:  2    Str:  9    XL:     6   Next: 60%
Magic:  3/10       EV: 13    Int: 18    God:
Gold:   126        SH:  0    Dex: 18    Spells: 3/11 levels left

rFire    . . .     SeeInvis .   (no weapon)
rCold    . . .     Faith    .   (no shield)
rNeg     . . .     Spirit   .   a - +0 robe
rPois    .         Reflect  .   (no helmet)
rElec    .         Harm     .   (no cloak)
rCorr    .         Rampage  .   (no gloves)
Will     .....                  (no boots)
Stlth    ++........             (no amulet)
HPRegen  0.15/turn              b - +6 ring of dexterity
MPRegen  0.12/turn              (no ring)

@: frozen ramparts, slow
A: +LOS, amphibious, slowness 1, strong legs 1
a: Hop


You were on level 4 of the Dungeon.
You visited 1 branch of the dungeon, and saw 4 of its levels.

You collected 126 gold pieces.

Inventory:

Armour
 a - a +0 robe (worn)
Jewellery
 b - a +6 ring of dexterity (right hand)
 f - a ring of protection from cold
Scrolls
 d - 4 scrolls of identify {unknown}
 h - a scroll of amnesia {unknown}
 k - a scroll of enchant weapon {unknown}
 m - a scroll of immolation {unknown}
Potions
 c - a potion of curing
 e - a potion of invisibility {unknown}
 g - 2 potions of attraction {unknown}
 i - a potion of ambrosia {unknown}
 j - a potion of heal wounds {unknown}
 l - a potion of haste {unknown}


   Skills:
 + Level 2.3 Fighting
 + Level 2.5 Armour
 + Level 3.3 Dodging
 + Level 2.7 Stealth
 + Level 3.1 Spellcasting
 * Level 2.7 Summonings
 + Level 6.0 Ice Magic


You had 3 spell levels left.
You knew the following spells:

 Your Spells              Type           Power      Damage    Failure   Level
a - Freeze                Ice            96%        1d11      1%          1
b - Frozen Ramparts       Ice            48%        1d6       4%          3
c - Summon Ice Beast      Ice/Summ       18%        N/A       26%         4

Your spell library contained the following spells:

 Spells                   Type           Power      Damage    Failure   Level
 Ozocubu's Armour         Ice            24%        N/A       4%          3
 Summon Small Mammal      Summ           48%        N/A       5%          1
 Call Imp                 Summ           12%        N/A       8%          2
 Call Canine Familiar     Summ           12%        N/A       16%         3
 Summon Guardian Golem    Hex/Summ       7%         N/A       26%         3
 Confusing Touch          Hex            2%         N/A       43%         3
 Gell's Gravitas          Tloc           1%         N/A       43%         3
 Hailstorm                Conj/Ice       13%        3d5       43%         4
 Summon Lightning Spire   Summ/Air       7%         N/A       65%         4
 Metabolic Englaciation   Hex/Ice        6%         N/A       78%         5
 Petrify                  Tmut/Erth      2%         N/A       85%         4
 Yara's Violent Unravell  Hex/Tmut       1%         3d3       99%         5


Dungeon Overview and Level Annotations

Branches:
Dungeon (4/15)
 Temple: D:4-7

Altars:
Hepliaklqana

Shops:
D:4 (


Innate Abilities, Weirdness & Mutations

You can be seen from farther away. (+LOS)
You are amphibious.
You cover ground slowly.
You can hop short distances.


Message History

Unknown command.
An orc comes into view.
The wall freezes the orc!
You kill the orc!
The dart slug launches a dart at you. The slug dart misses you.
The wall freezes the orc priest.
The orc priest looks satisfied for a moment.
The wall freezes the orc priest.
You feel sick.
The wall freezes something.
Something completely misses you.
The wall freezes the orc priest.
The orc priest hits you with a +0 dagger.
The orc shouts!
The wall freezes something.
Something hits you.
The wall freezes the orc priest.
The orc priest invokes the aid of Beogh against you.
Pain shoots through your body!
* * * LOW HITPOINT WARNING * * *
Unknown command.
You feel less confused.
The wall freezes something.
Something hits you!
* * * LOW HITPOINT WARNING * * *
The wall freezes the orc priest.
You kill the orc priest!
It was a potion of curing.
You feel better.
The frozen ramparts melt away.
Something hits you.
* * * LOW HITPOINT WARNING * * *
Casting: Frozen Ramparts (dangerous; 4% risk of failure)
Confirm with . or Enter, or press ? or * to list all spells.
Casting: Frozen Ramparts (dangerous; 4% risk of failure)
Press: ? - help, Dir - look around, f - activate The walls around you are covered in ice.
The wall freezes something.
Something hits you.
* * * LOW HITPOINT WARNING * * *
The wall freezes the orc.
The orc barely misses you.
Unknown command.
You hit the dart slug but do no damage.
The wall freezes something.
You hear some strange, mumbled words.
A puff of flame appears from out of thin air!
The puff of flame hits you!
You die...

#......$# #...#
#.......... #.......#
#...###.........#
#####+###
#................
##................
#.............#...
#.............####
#................# ..
#....†....##......
.....##@..########.....#
.......o{w..# #.....#
#'#.........# #.....#
............# #.....#
....∩.......#
#####.....#
............#
#..........
......##....#
#.......... ......
#....# #..........
...... #....#
#..........


You could see a dart slug and an orc.

Vanquished Creatures
  An ogre (D:3)
  2 orc priests
  A worker ant (D:4)
  6 adders
  3 worms
  A dart slug (D:2)
  4 leopard geckos
  4 orcs
  4 giant cockroaches
  10 goblins
  5 hobgoblins
  2 jackals (D:2)
  2 quokkas (D:2)
  A ball python skeleton (D:4)
  6 bats
  4 frilled lizards
  10 kobolds
  7 rats
73 creatures vanquished.

Vanquished Creatures (collateral kills)
  An ogre (D:4)
  A leopard gecko (D:4)
2 creatures vanquished.

Grand Total: 75 creatures vanquished

Notes
Turn   | Place    | Note
-------+----------+-------------------------------------------
     0 | D:1      | Ajencis the Barachi Ice Elementalist began the quest for
                  | the Orb.
     0 | D:1      | Reached XP level 1. HP: 13/13 MP: 3/3
   219 | D:1      | Reached skill level 5 in Ice Magic
   219 | D:1      | Reached XP level 2. HP: 20/20 MP: 3/5
  1323 | D:2      | Reached XP level 3. HP: 25/25 MP: 4/6
  1327 | D:2      | Learned a level 3 spell: Frozen Ramparts
  1407 | D:2      | Found a hazy altar of Hepliaklqana.
  1425 | D:2      | Reached skill level 1 in Armour
  1660 | D:2      | Reached skill level 1 in Fighting
  2330 | D:3      | Reached XP level 4. HP: 21/32 MP: 3/7
  2335 | D:3      | Learned a level 4 spell: Summon Ice Beast
  2701 | D:3      | Noticed an ogre
  2872 | D:3      | Reached skill level 1 in Summonings
  2872 | D:3      | Reached XP level 5. HP: 33/37 MP: 2/9
  2879 | D:3      | Killed an ogre
  3251 | D:4      | Noticed an ogre
  3252 | D:4      | Reached XP level 6. HP: 34/44 MP: 6/10
  3573 | D:4      | Reached skill level 6 in Ice Magic
  3573 | D:4      | Found Deybiosi's Weapon Shop.
  3585 | D:4      | HP: 1/44 [something (8)]
  3588 | D:4      | Killed from afar by an orc wizard

Illustrated notes

Levels and vault maps discovered:
D:1:      minmay_arrival_stone_box, layout_loops_ring
D:2:      layout_basic, lemuel_crystal_altar
D:3:      layout_rooms
D:4:      layout_basic, serial_shops, shop

Skill      XL: |  1  2  3  4  5  6 |
---------------+-------------------+-----
Ice Magic      | 5 6 |  6.0
Stealth        | 2 |  2.7
Armour         | 1 2 |  2.5
Fighting       | 1 2 |  2.3
Summonings     | 1 2 |  2.7
Dodging        | 3 |  3.3
Spellcasting   | 3 |  3.1

Action                   |  1- 3 |  4- 6 || total
-------------------------+-------+-------++-------
Melee: Unarmed           |    19 |    30 ||    49
 Cast: Freeze            |    42 |    20 ||    62
       Frozen Ramparts   |     4 |    13 ||    17
       Summon Ice Beast  |       |     1 ||     1
 Abil: Hop               |       |     1 ||     1
  Use: Potion            |       |     1 ||     1
Armor: Robe              |     6 |     8 ||    14
Dodge: Dodged            |    30 |    21 ||    51

Table legend: (Time is in decaauts)
 A = Elapsed time spent in this place.
 B = Non-inter-level travel time spent in this place.
 C = Inter-level travel time spent in this place.
 D = Time resting spent in this place.
 E = Time spent auto-exploring this place.
 F = Levels seen in this place.
 G = Mean time per level.
                   A        B        C        D        E       F      G
               +--------+--------+--------+--------+--------+-----+--------+
         Total |   3959 |   3885 |     74 |     41 |   3049 |   4 |  989.8 |
       Dungeon |   3959 |   3885 |     74 |     41 |   3049 |   4 |  989.8 |
               +--------+--------+--------+--------+--------+-----+--------+

Top non-repeatable levels by time:
     D:2: 1468 daAuts
     D:1: 1084 daAuts
     D:3: 1063 daAuts
     D:4: 342 daAuts
